 Dungeon Crawl Stone Soup version bcrawl-1.38.3 (webtiles) character file.

Game seed: 16444184533360936721

279116 MisterOstroum the Fighter (level 10, -2/86 HPs)
             Began as a Barachi Hunter on May 4, 2023.
             Was a Priest of Makhleb.
             Slain by a human
             ... wielding a cursed +0 hand axe
              (8 damage)
             ... on level 8 of the Dungeon on May 11, 2023.
             The game lasted 00:31:17 (9131 turns).

MisterOstroum the Fighter (Barachi Hunter)          Turns: 9131, Time: 00:31:17

Health: -2/86      AC:  7    Str: 16    XL:     10   Next: 53%
Magic:  15/15      EV: 18    Int: 12    God:    Makhleb [***...]
Gold:   262        SH:  0    Dex: 13    Spells: 9/9 levels left

rFire    . . .     GDR:     25% b - +1 dagger (flame)
rCold    . . .     SeeInvis .   (no shield)
rNeg     . . .     Gourm    .   c - +0 leather armour
rPois    .         Faith    .   (no helmet)
rElec    .         Spirit   .   D - +0 cloak
rCorr    .         Reflect  .   I - +1 pair of gloves
MR       .....     Rnd*Tele +   f - +0 pair of boots
Stlth    ++........             (no amulet)
HPRegen  0.24/turn              l - +6 ring of evasion
MPRegen  0.14/turn              U - ring of teleportation (curse)

@: slow
A: +LOS, swims, slowness 1, strong legs 1
a: Hop, Minor Destruction, Hew, Renounce Religion


You were on level 8 of the Dungeon.
You worshipped Makhleb.
Makhleb was most pleased with you.
You were hungry.

You visited 2 branches of the dungeon, and saw 9 of its levels.

You collected 388 gold pieces.
You spent 126 gold pieces at shops.

Inventory:

Hand Weapons
 a - a +2 hand crossbow
 b - a +1 dagger of flaming (weapon)
 v - a +0 short sword
 w - a +4 dagger
 S - a +0 scimitar
 V - a +2 hunting sling of flaming
Missiles
 d - 708 bolts
 g - 615 sling bullets
 h - 1574 stones (quivered)
 m - 1329 arrows
 q - 203 poisoned tomahawks
 z - 290 poisoned needles
 E - 128 javelins of penetration {=f}
 K - 68 needles of confusion
Armour
 c - a +0 leather armour (worn)
 f - a +0 pair of boots (worn)
 D - a +0 cloak (worn)
 I - a +1 pair of gloves (worn)
 W - a +0 plate armour
Jewellery
 l - a +6 ring of evasion (left hand)
 L - an uncursed ring of stealth
 U - a cursed ring of teleportation (right hand)
Wands
 G - a wand of random effects (10)
 H - a wand of acid (8)
 O - a wand of flame (31)
 R - a wand of paralysis (5)
Scrolls
 n - 2 scrolls of fear {unknown}
 p - 2 scrolls of magic mapping {unknown}
 r - 2 scrolls of enchant weapon
 s - a scroll of fog {unknown}
 x - 2 scrolls of remove curse {unknown}
 y - 2 scrolls of enchant armour
 F - 3 scrolls of teleportation
 M - a scroll of immolation {unknown}
 N - a scroll of noise {unknown}
 Q - 2 scrolls of amnesia
Potions
 j - 2 potions of brilliance
 k - 2 potions of curing
 o - 3 potions of berserk rage
 t - 4 potions of heal wounds
 u - 2 potions of agility
 A - 3 potions of mutation
 B - a potion of cancellation {unknown}
 C - a potion of degeneration {unknown}
 J - a potion of might {unknown}
 T - a potion of flight
Comestibles
 e - 11 rations {!d}
 P - 3 chunks of flesh


   Skills:
 + Level 10.9 Fighting
 - Level 2.0(2.1) Short Blades
 + Level 1.1(1.8) Long Blades
 + Level 6.2 Crossbows
 + Level 4.3 Throwing
 + Level 2.9 Dodging
 - Level 3.3 Stealth
 * Level 7.9 Invocations
 + Level 3.0 Evocations


You had 9 spell levels left.
You didn't know any spells.
Your spell library was empty.

Dungeon Overview and Level Annotations

Branches:
Dungeon (8/12)             Temple (1/1) D:4
   Lair: D:7-9          Orc: D:8-11

Altars:
Cheibriados
Dithmenos
Elyvilon
Hepliaklqana
Kikubaaqudgha
Makhleb
Qazlal
Ru
Sif Muna
Trog
Uskayaw
Vehumet
Wu Jian
Xom
Yredelemnul
Zin
The Shining One

Shops:
D:6 }

Annotations:
D:7 exclusion: statue
D:8 1 runed door, exclusions: two-headed ogre and 2 more exclusions


Innate Abilities, Weirdness & Mutations

You can see and be seen from farther away.
You can swim through water.
You cover ground slowly.
You can hop short distances.


Message History

You hit the hog. You burn the hog.
The hog is severely wounded.
The hog closely misses you. The hog bites you.
You hit the hog. You burn the hog.
The hog is almost dead.
The hog bites you but does no damage. x2
You hit the hog. You burn the hog.
You kill the hog!
Makhleb accepts your kill.
Your Evocations skill increases to level 3!
You closely miss the hog. The hog bites you.
You hit the hog. You burn the hog.
The hog is lightly wounded.
The hog barely misses you.
You hit the hog. You burn the hog.
The hog is lightly wounded.
The hog misses you.
You closely miss the hog.
The hog is lightly wounded.
The hog bites you.
* * * LOW HITPOINT WARNING * * *
You hit the hog. You burn the hog.
The hog is moderately wounded.
You hit the hog. You burn the hog.
The hog is severely wounded.
The hog completely misses you.
You closely miss the hog.
The hog is heavily wounded.
The hog barely misses you.
You hit the hog.
The hog is severely wounded.
You are feeling hungry.
The hog barely misses you.
You hit the hog. You burn the hog.
The hog is severely wounded.
The hog bites you.
* * * LOW HITPOINT WARNING * * *
You hit the hog but do no damage.
The hog is severely wounded.
You closely miss the hog.
The hog is severely wounded.
The hog completely misses you.
You barely miss the hog.
The hog is severely wounded.
The hog closely misses you.
You hit the hog. You burn the hog.
The hog is severely wounded.
You hit the hog.
The hog is almost dead.
The hog misses you.
You hit the hog but do no damage.
The hog is almost dead.
The hog bites you but does no damage.
You hit the hog.
The hog is almost dead.
You hit the hog.
The hog is almost dead.
The hog closely misses you.
You hit the hog but do no damage.
The hog is almost dead.
The hog completely misses you.
Press: ? - help, Shift-Dir - straight line, f - hog
Aim: a hog (almost dead)
The puff of flame hits the hog.
You kill the hog!
Makhleb accepts your kill.
Your Long Blades skill increases to level 1!
You hit the human but do no damage. The human misses you.
Press: ? - help, Shift-Dir - straight line, f - human
Aim: a human, wielding a +0 hand axe and wearing a +0 animal skin The stone arrow hits the human.
The human is lightly wounded.
The human hits you with a cursed +0 hand axe!
* * * LOW HITPOINT WARNING * * *
Press: ? - help, Shift-Dir - straight line, f/p - human
Aim: a human, wielding a +0 hand axe and wearing a +0 animal skin (lightly wounded)
The puff of frost hits the human.
The human is moderately wounded.
You hit the human.
The human is heavily wounded.
The human misses you.
You miss the human.
The human is moderately wounded.
Okay, then.
Unknown command.
You hit the human but do no damage.
The human is moderately wounded.
The human hits you with a cursed +0 hand axe.
* * * LOW HITPOINT WARNING * * *
You hit the human. You burn the human.
The human is heavily wounded.
You closely miss the human.
The human is heavily wounded.
The human hits you but does no damage.
You hit the human. You burn the human.
The human is severely wounded.
You barely miss the human.
The human is severely wounded.
The human hits you with a cursed +0 hand axe!
You die...

#T..##.##.##.##.......#
Op..!#.##.#...')......#
#######.#.#...#)......#
.............^#.......#
..........#...#.......#
..........#...#.......#
#..#.#+####'###.......#
#...##.####...#.#######
...#)..........†@#
...#..........#p#####
)..#..........#..#..#
...#..........#..#..#
...+..........#..'..#
+####.###.##..#%.#..#
...##.# #.# ###%%#..#
...#... ... #######
...#... ...#


You could see a human.

Vanquished Creatures
  Pikel (D:5)
  Joseph (D:8)
  4 hogs (D:8)
  2 yaks
  Menkaure (D:5)
  A hungry ghost (D:6)
  2 sky beasts
  2 orc warriors
  An ice beast (D:7)
  A hornet zombie (D:8)
  A necrophage (D:7)
  4 ogres
  2 kobold brigands
  2 bullfrogs (D:7)
  Blork the orc (D:5)
  A rime drake skeleton (D:8)
  3 centaurs
  A wyvern skeleton (D:8)
  5 wights (D:6)
  2 electric eels (D:6)
  2 howler monkeys
  4 orc priests
  2 crimson imps (D:7)
  A bullfrog zombie (D:6)
  3 hounds
  2 bullfrog skeletons
  7 orc wizards
  10 worker ants
  A hound zombie (D:3)
  A hound skeleton (D:4)
  3 worker ant zombies
  7 adders
  2 adder skeletons
  An adder zombie (D:5)
  3 worms
  3 dart slugs
  3 leopard geckos
  41 orcs
  A bat zombie (D:3)
  8 giant cockroaches
  4 goblins
  4 hobgoblins
  19 jackals
  4 quokkas
  2 ball pythons
  4 bats
  2 frilled lizards
  17 kobolds
  A quokka zombie (D:3)
  8 rats
  2 rat zombies (D:3)
210 creatures vanquished.

Vanquished Creatures (others)
  A worker ant zombie (D:6)
  An adder (D:5)
  A plant (D:6)
3 creatures vanquished.

Grand Total: 213 creatures vanquished

Notes
Turn   | Place    | Note
-------+----------+-------------------------------------------
     0 | D:1      | MisterOstroum the Barachi Hunter began the quest for the
                  | Orb.
     0 | D:1      | Reached XP level 1. HP: 17/17 MP: 1/1
    36 | D:1      | Reached skill level 1 in Short Blades
    51 | D:1      | Reached XP level 2. HP: 17/23 MP: 2/2
   280 | D:1      | Reached skill level 3 in Fighting
   367 | D:1      | Reached XP level 3. HP: 24/29 MP: 3/3
   529 | D:1      | Found a glowing golden altar of the Shining One.
  1156 | D:2      | Reached skill level 4 in Fighting
  1156 | D:2      | Reached XP level 4. HP: 27/38 MP: 4/4
  1497 | D:2      | Noticed a +0 dagger
  1497 | D:2      | Noticed a +0 hand axe
  1498 | D:2      | Found a hide-covered altar of Uskayaw.
  1604 | D:2      | Found a bloodstained altar of Trog.
  1722 | D:3      | Found an ancient bone altar of Kikubaaqudgha.
  1872 | D:3      | Noticed a centaur
  1879 | D:3      | Killed a centaur
  1880 | D:3      | Reached skill level 5 in Fighting
  1880 | D:3      | Reached XP level 5. HP: 15/44 MP: 5/5
  1980 | D:3      | Noticed a kobold brigand
  1985 | D:3      | Killed a kobold brigand
  2039 | D:3      | Reached XP level 6. HP: 39/51 MP: 6/6
  2791 | D:2      | Noticed a sky beast
  2904 | D:2      | Killed a sky beast
  2905 | D:2      | Reached skill level 6 in Fighting
  3322 | D:3      | Upgraded the game from bcrawl-1.38.2 to bcrawl-1.38.3
  3327 | D:3      | Reached skill level 5 in Crossbows
  3346 | D:3      | Reached XP level 7. HP: 58/59 MP: 7/7
  3364 | D:3      | Found a basalt altar of Yredelemnul.
  3548 | D:4      | Found a staircase to the Ecumenical Temple.
  3562 | Temple   | Entered the Ecumenical Temple
  3644 | Temple   | Became a worshipper of Makhleb the Destroyer
  3896 | D:4      | Reached skill level 7 in Fighting
  4285 | D:5      | Entered Level 5 of the Dungeon
  4347 | D:5      | Reached skill level 1 in Throwing
  4421 | D:5      | Noticed Menkaure
  4429 | D:5      | Killed Menkaure
  4499 | D:5      | Reached XP level 8. HP: 67/67 MP: 8/8
  4644 | D:5      | Reached * piety under Makhleb
  4689 | D:5      | Noticed Pikel
  4715 | D:5      | Killed Pikel
  4716 | D:5      | Reached skill level 9 in Fighting
  4929 | D:5      | Reached skill level 1 in Evocations
  4943 | D:5      | Noticed Blork the orc
  4954 | D:5      | Killed Blork the orc
  4955 | D:5      | Reached skill level 1 in Invocations
  5108 | D:5      | Found an ornate altar of the Wu Jian Council.
  5686 | D:6      | Reached XP level 9. HP: 77/77 MP: 10/10
  5730 | D:6      | Reached skill level 10 in Fighting
  6491 | D:6      | Reached ** piety under Makhleb
  6816 | D:6      | Found a faded altar of an unknown god.
  6819 | D:6      | Found a faded altar of an unknown god.
  6819 | D:6      | Found a hazy altar of Hepliaklqana.
  6826 | D:6      | Found a faded altar of an unknown god.
  6872 | D:6      | Reached skill level 5 in Invocations
  6908 | D:6      | Found Tulem's Gadget Shoppe.
  6917 | D:6      | Bought a wand of paralysis (8) for 126 gold pieces
  7690 | D:7      | Found a shadowy altar of Dithmenos.
  7690 | D:7      | Found a glowing silver altar of Zin.
  8089 | D:7      | Found a radiant altar of Vehumet.
  8200 | D:7      | Reached XP level 10. HP: 80/86 MP: 15/15
  8709 | D:8      | Found a glowing golden altar of the Shining One.
  8711 | D:8      | Found a stormy altar of Qazlal.
  8733 | D:8      | Reached *** piety under Makhleb
  8781 | D:8      | Noticed a cyan ugly thing
  8781 | D:8      | Noticed a two-headed ogre
  8783 | D:8      | Noticed a death knight
  8785 | D:8      | Found a runed door.
  8785 | D:8      | Noticed a two-headed ogre
  8910 | D:8      | Noticed Joseph
  8929 | D:8      | Killed Joseph
  9063 | D:8      | Noticed a two-headed ogre
  9122 | D:8      | Reached skill level 1 in Long Blades
  9131 | D:8      | Slain by a human

Skill      XL: |  1  2  3  4  5  6  7  8  9 10 |
---------------+-------------------------------+-----
Short Blades   | 1 2 |  2.0
Fighting       | 3 4 5 6 7 9 10 | 10.9
Stealth        | 2 3 |  3.3
Crossbows      | 5 6 |  6.2
Throwing       | 2 4 |  4.3
Evocations     | 2 3 |  3.0
Invocations    | 1 6 7 |  7.9
Long Blades    | 1 |  1.1
Dodging        | |  2.9

Action                   |  1- 3 |  4- 6 |  7- 9 | 10-12 || total
-------------------------+-------+-------+-------+-------++-------
Melee: Short sword       |   124 |   102 |       |       ||   226
       Dagger            |       |    47 |   191 |    44 ||   282
       Scimitar          |       |       |       |    21 ||    21
 Fire: Hand crossbow     |     8 |    55 |    55 |    26 ||   144
Throw: Stone             |    33 |    46 |    60 |     1 ||   140
       Tomahawk          |       |       |    19 |       ||    19
Invok: Minor Destruction |       |       |   242 |    76 ||   318
 Abil: Hop               |       |     2 |     3 |     1 ||     6
Evoke: Wand              |       |       |       |     3 ||     3
  Use: Scroll            |       |     1 |     2 |     7 ||    10
 Stab: Sleeping          |     1 |     1 |     5 |     1 ||     8
       Paralysed         |       |       |       |     2 ||     2
  Eat: Chunk             |     3 |     7 |    27 |     5 ||    42
       Ration            |       |     2 |       |       ||     2
Armor: Leather armour    |    30 |    22 |    59 |    18 ||   129
Dodge: Dodged            |    75 |   132 |   291 |    91 ||   589
